 Dungeon Crawl Stone Soup version 0.30.0-11-gf55b779eaf (webtiles) character file.

Game seed: 8812442608615753381

737171 KingMidas the Merry Ant (level 27, -1/110 (224) HPs)
             Began as a Formicid Hunter on May 15, 2023.
             Was an Initiate of Gozag.
             Killed from afar by a hellion (29 damage)
             ... with damnation
             ... on level 4 of Cocytus on May 17, 2023.
             The game lasted 03:29:59 (84293 turns).

KingMidas the Merry Ant (Formicid Hunter)          Turns: 84293, Time: 03:30:06

HP:   -1/110 (224)  AC: 42    Str: 24      XL:     27
MP:   47/47         EV: 18    Int: 15 (17) God:    Gozag
Gold: 21312         SH: 42    Dex: 31 (34) Spells: 38/57 levels left

rFire   + + .        a - +27 heavy crossbow "Sniper" {heavy, Acc+∞ SInv}
rCold   + + .        k - +10 tower shield of Ignorance {rN+ Int-4}
rNeg    + . .        V - +8 orange crystal plate armour {Archmagi, Int+3 Clar}
rPois   +            (helmet unavailable)
rElec   .            G - scarf {rC+ rF+}
rCorr   +            i - +0 pair of gloves of Insatiable Hunger {Dex+6}
SInv    +            U - +2 pair of boots {Fly}
Will    ++...        W - amulet of Utootiz {Reflect Str+5 Slay+2 SH+5} Stlth
                     t - ring of Fodd {MP+9 Int+6 Dex+3}
HPRegen 0.38/turn    S - ring of Propriety {rF+ rCorr Str+4 Slay+4}
MPRegen 0.30/turn

%: reflection, clarity, archmagi
@: flying, extremely drained, unable to drink
A: permanent stasis, dig shafts and tunnels, antennae 3, four strong arms,
clarity, cold resistance 1, deterioration 2, frail 1, low MP 1, poison
resistance, weak 2, noise suppression
}: 5/15 runes: decaying, slimy, silver, abyssal, gossamer
a: Dig, Shaft Self, Renounce Religion, Potion Petition, Call Merchant, Bribe
Branch


You were on level 4 of Cocytus.
You worshipped Gozag.
Gozag was extremely pleased with you.
You visited 13 branches of the dungeon, and saw 61 of its levels.
You visited the Abyss 3 times.
You also visited: Trove, Sewer, Gauntlet, Ice Cave and Wizlab.

You collected 35727 gold pieces.
You spent 4820 gold pieces at shops.
You paid 9595 gold pieces to Gozag.

Inventory:

Hand Weapons
 a - the +27 heavy crossbow "Sniper" (weapon) {heavy, Acc+∞ SInv}
   (You found it in a treasure trove)

   Acc+∞: It never misses its target.
   SInv:      It lets you see invisible.
 N - a +9 longbow of flaming
Missiles
 y - a throwing net
 L - 21 curare-tipped darts
Armour
 i - the +0 pair of gloves of Insatiable Hunger (worn) {Dex+6}
   (You found it on level 4 of the Depths)

   Dex:       It affects your dexterity (+6).
 k - the +10 tower shield of Ignorance (worn) {rN+ Int-4}
   (You found it on level 11 of the Dungeon)

   Int:       It affects your intelligence (-4).
   rN:        It protects you from negative energy.
 q - +4 steam dragon scales
 G - a scarf of resistance (worn)
 U - a +2 pair of boots of flying (worn)
 V - the +8 orange crystal plate armour (worn) {Archmagi, Int+3 Clar}
   (You bought it in a shop on level 8 of the Dungeon)

   Int:       It affects your intelligence (+3).
   Clar:      It protects you from confusion, rage, mesmerisation and fear.
Jewellery
 t - the ring of Fodd (left hand) {MP+9 Int+6 Dex+3}
   (You found it on level 3 of the Elven Halls)

   [ring of intelligence]

   Int:       It affects your intelligence (+6).
   Dex:       It affects your dexterity (+3).
   MP:        It affects your magic capacity (+9).
 u - the ring "Vemarphu" {*Corrode rPois rF+ rN++ Dex+6}
   (You found it in a treasure trove)

   [ring of dexterity]

   Dex:       It affects your dexterity (+6).
   rF:        It protects you from fire.
   rPois:     It protects you from poison.
   rN:        It greatly protects you from negative energy.
   *Corrode:  It may corrode you when you take damage.
 v - the ring of the Oily Pear {Drain rElec rC- MP+9 Str+8}
   (You found it on level 3 of the Elven Halls)

   [ring of magical power]

   Str:       It affects your strength (+8).
   rC:        It makes you vulnerable to cold.
   rElec:     It insulates you from electricity.
   MP:        It affects your magic capacity (+9).
   Drain:     It drains your maximum health when unequipped.
 E - the amulet "Mevin" {Faith rN+ Dex-2 Slay+2}
   (You found it on level 5 of the Vaults)

   [amulet of faith]

   It allows you to gain divine favour quickly.
   Dex:       It affects your dexterity (-2).
   Slay:      It affects your accuracy & damage with ranged weapons and melee
   (+2).
   rN:        It protects you from negative energy.
 P - the ring "Yrud" {rF+ Will+ rCorr Str-4 Dex+3}
   (You took it off a Hellbinder in a wizard's laboratory)

   [ring of willpower]

   Str:       It affects your strength (-4).
   Dex:       It affects your dexterity (+3).
   rF:        It protects you from fire.
   rCorr:     It protects you from acid and corrosion.
   Will:      It increases your willpower.
 S - the ring of Propriety (right hand) {rF+ rCorr Str+4 Slay+4}
   (You found it in a wizard's laboratory)

   [ring of resist corrosion]

   Str:       It affects your strength (+4).
   Slay:      It affects your accuracy & damage with ranged weapons and melee
   (+4).
   rF:        It protects you from fire.
   rCorr:     It protects you from acid and corrosion.
 W - the amulet of Utootiz (around neck) {Reflect Str+5 Slay+2 SH+5}
   (You acquired it in a wizard's laboratory)

   [amulet of reflection]

   It reflects blocked missile attacks.
   Str:       It affects your strength (+5).
   Slay:      It affects your accuracy & damage with ranged weapons and melee
   (+2).
   SH:        It affects your SH (+5).
Wands
 o - a wand of light (13)
 s - a wand of charming (56)
 B - a wand of digging (41)
 C - a wand of mindburst (54)
 D - a wand of roots (43)
Scrolls
 b - 7 scrolls of immolation
 c - 6 scrolls of silence
 h - 13 scrolls of magic mapping
 l - 10 scrolls of fog
 w - 8 scrolls of vulnerability
 x - 11 scrolls of poison
 H - 10 scrolls of amnesia
 R - 6 scrolls of butterflies
Potions
 d - 11 potions of lignification
 e - 33 potions of curing
 g - 9 potions of magic
 m - 26 potions of mutation
 n - 10 potions of ambrosia
 r - 11 potions of might
 z - 10 potions of attraction
 F - 10 potions of flight
 I - 8 potions of brilliance
 K - 8 potions of cancellation
 Q - 10 potions of heal wounds
 X - 11 potions of resistance
 Y - 6 potions of invisibility
Miscellaneous
 j - a phial of floods
 p - a lightning rod (4/4)
 A - a condenser vane
 M - a phantom mirror
 T - a box of beasts


   Skills:
 O Level 27 Fighting
 O Level 27 Ranged Weapons
 * Level 22.0 Armour
 - Level 16.7 Dodging
 - Level 1.2 Stealth
 - Level 22.3 Shields
 - Level 15.9 Spellcasting
 + Level 25.9 Hexes
 - Level 2.0 Translocations
 - Level 11.1 Evocations


You had 38 spell levels left.
You knew the following spells:

 Your Spells              Type           Power      Damage    Failure   Level
a - Portal Projectile     Hex/Tloc       100%       N/A       1%          3
b - Tukima's Dance        Hex            94%        N/A       0%          3
c - Silence               Hex/Air        33%        N/A       14%         5
d - Discord               Hex            47%        N/A       16%         8

Your spell library contained the following spells:

 Spells                   Type           Power      Damage    Failure   Level
 Confusing Touch          Hex            94%        N/A       0%          3
 Ensorcelled Hibernation  Hex/Ice        100%       N/A       1%          2
 Summon Guardian Golem    Hex/Summ       66%        N/A       1%          3
 Anguish                  Hex/Necr       33%        N/A       4%          4
 Fulminant Prism          Conj/Hex       33%        3d16      4%          4
 Leda's Liquefaction      Hex/Erth       33%        N/A       4%          4
 Metabolic Englaciation   Hex/Ice        33%        N/A       14%         5
 Summon Mana Viper        Hex/Summ       66%        N/A       14%         5
 Apportation              Tloc           52%        N/A       41%         1
 Beastly Appendage        Tmut           34%        N/A       71%         1
 Foxfire                  Conj/Fire      68%        2x1d7     71%         1
 Kiss of Death            Conj/Necr      68%        2d10      71%         1
 Magic Dart               Conj           68%        1d6       71%         1
 Necrotise                Necr           68%        1d7       71%         1
 Summon Small Mammal      Summ           68%        N/A       71%         1
 Call Imp                 Summ           34%        N/A       83%         2
 Cigotuvi's Dreadful Rot  Necr/Pois/Air  34%        N/A       83%         2
 Passwall                 Tmut/Erth      14%        N/A       83%         2
 Poisonous Vapours        Pois/Air       34%        N/A       83%         2
 Scorch                   Fire           34%        2d6       83%         2
 Searing Ray              Conj           34%        2d5       83%         2
 Static Discharge         Conj/Air       34%        2-4/arc   83%         2
 Sublimation of Blood     Necr           17%        N/A       83%         2
 Wereblood                Tmut           17%        N/A       83%         2
 Call Canine Familiar     Summ           17%        N/A       97%         3
 Frozen Ramparts          Ice            34%        1d6       97%         3
 Hailstorm                Conj/Ice       17%        3d6       97%         3
 Ignite Poison            Fire/Tmut/Pois 17%        N/A       97%         3
 Mephitic Cloud           Conj/Pois/Air  17%        N/A       97%         3
 Ozocubu's Armour         Ice            17%        N/A       97%         3
 Spider Form              Tmut/Pois      17%        N/A       97%         3
 Passage of Golubria      Tloc           26%        N/A       99%         4
 Airstrike                Air            8%         2d(2-18)  100%        4
 Animate Armour           Summ/Erth      34%        N/A       100%        4
 Dispel Undead            Necr           17%        3d10      100%        4
 Flame Wave               Conj/Fire      17%        2d7       100%        4
 Ice Form                 Ice/Tmut       17%        N/A       100%        4
 Olgreb's Toxic Radiance  Pois           17%        N/A       100%        4
 Petrify                  Tmut/Erth      17%        N/A       100%        4
 Sticky Flame             Conj/Fire      17%        2d4       100%        4
 Summon Ice Beast         Ice/Summ       17%        N/A       100%        4
 Summon Lightning Spire   Summ/Air       17%        N/A       100%        4
 Alistair's Intoxication  Tmut/Pois      11%        N/A       100%        5
 Arcjolt                  Conj/Air       8%         1d18      100%        5
 Blade Hands              Tmut           8%         N/A       100%        5
 Borgnjor's Vile Clutch   Necr/Erth      8%         N/A       100%        5
 Fireball                 Conj/Fire      8%         3d6       100%        5
 Freezing Cloud           Conj/Ice/Air   8%         6-21      100%        5
 Lee's Rapid Deconstruct  Erth           8%         3d7*      100%        5
 Summon Forest            Summ/Tloc      11%        N/A       100%        5
 Eringya's Noxious Bog    Tmut/Pois      8%         N/A       100%        6
 Iron Shot                Conj/Erth      8%         9d3       100%        6
 Plasma Beam              Fire/Air       8%         2x1d21    100%        6
 Starburst                Conj/Fire      8%         6d4       100%        6
 Statue Form              Tmut/Erth      11%        N/A       100%        6
 Summon Cactus Giant      Summ           8%         N/A       100%        6
 Haunt                    Necr/Summ      8%         N/A       100%        7
 Monstrous Menagerie      Summ           8%         N/A       100%        7
 Storm Form               Tmut/Air       8%         N/A       100%        7
 Summon Hydra             Summ           8%         N/A       100%        7
 Borgnjor's Revivificati  Necr           8%         N/A       100%        8
 Ignition                 Fire           8%         3d5       100%        8
 Infestation              Necr           8%         N/A       100%        8
 Lehudib's Crystal Spear  Conj/Erth      8%         10d4      100%        8
 Maxwell's Capacitive Co  Air            8%         ∞         100%        8
 Necromutation            Tmut/Necr      8%         N/A       100%        8
 Death's Door             Necr           8%         N/A       100%        9
 Vhi's Electric Charge    Tloc/Air       Unusable   N/A       N/A         3
 Swiftness                Air            Unusable   N/A       N/A         3
 Animate Dead             Necr           Unusable   N/A       N/A         4
 Simulacrum               Ice/Necr       Unusable   N/A       N/A         6

Dungeon Overview and Level Annotations

Branches:
Dungeon (15/15)            Temple (0/1) D:5            Lair (5/5) D:8
  Swamp (4/4) Lair:3       Spider (4/4) Lair:2        Slime (5/5) Lair:5
    Orc (2/2) D:10            Elf (3/3) Orc:2        Vaults (5/5) D:13
  Crypt (3/3) Vaults:3       Tomb (0/3) Crypt:3      Depths (4/4) D:15
   Hell (visited)             Dis (0/7) Hell            Geh (0/7) Hell
    Coc (6/7) Hell            Tar (0/7) Hell            Zot (4/5) Depths:4
  Sewer (visited)           IceCv (visited)          WizLab (visited)
Gauntlet (visited)

Altars:
Ashenzari
Elyvilon
Gozag
Hepliaklqana
Kikubaaqudgha
Makhleb
Nemelex Xobeh
Qazlal
Ru
Trog
Uskayaw
The Shining One
Jiyva
Lugonu

Shops:
D:1 :   D:4 =   D:8 [?[[([[=   Orc:2 (?!:=   Vaults:2 (   Vaults:4 !
Vaults:5 ![

Portals:
Hell: Depths:1 Depths:2 Depths:3 Depths:4
Abyss: Lair:5 Depths:3
Pandemonium: Depths:1 Depths:2
Ziggurat: Depths:1

Annotations:
D:11 1 runed translucent door
Swamp:2 1 runed translucent door, Gokhumny's ghost, adept GnFi
Swamp:4 2 runed translucent doors, Ricegish's ghost, adept GnFi
Spider:1 1 runed translucent door, Jase's ghost, journeyman MiFi
Spider:2 1 runed translucent door, reativica's ghost, journeyman CeHu


Innate Abilities, Weirdness & Mutations

You cannot be hasted, slowed, berserked, paralysed or teleported.
You can dig through walls and to a lower floor.
You have a pair of large antennae on your head. (SInv)
Your four strong arms can wield two-handed weapons with a shield.
You possess an exceptional clarity of mind.
Your flesh is cold resistant. (rC+)
Your body often deteriorates upon taking damage.
You are frail. (-10% HP)
Your magical capacity is low. (-10% MP)
Your system is resistant to poisons. (rPois)
You are very weak. (Str -4)
You passively dampen the noise of your surroundings.


Message History

You shoot a bolt. The bolt hits the wendigo!!!
The wendigo is severely wounded.
The wendigo fires a burst of electricity at you.
The stunning burst hits you!
Your stasis prevents you from being paralysed.
Your body deteriorates!
You feel clumsy.
The wendigo fires a burst of electricity at you.
The stunning burst hits you but does no damage.
Your stasis prevents you from being paralysed.
You shoot a bolt. The bolt hits the wendigo!!!
You kill the wendigo!
(D) Dungeon (T) Temple (L) Lair (S) Swamp (N) Spider Nest (M) Slime Pits (O) Orcish Mines (E) Elven Halls (V) Vaults (C) Crypt (W) Tomb (U) Depths (H) Hell (I) Dis (G) Gehenna (X) Cocytus (Y) Tartarus (Z) Zot
Where to? (Enter - Coc:4 @ (x,y), ? - help)
An iron giant simulacrum comes into view.
You shoot a bolt.
The bolt hits the iron giant simulacrum!!!
The iron giant simulacrum vaporises!
(D) Dungeon (T) Temple (L) Lair (S) Swamp (N) Spider Nest (M) Slime Pits (O) Orcish Mines (E) Elven Halls (V) Vaults (C) Crypt (W) Tomb (U) Depths (H) Hell (I) Dis (G) Gehenna (X) Cocytus (Y) Tartarus (Z) Zot
Where to? (Enter - Coc:4 @ (x,y), ? - help)
The hellion gives a hideous shriek!
The hellion gestures at you.
The sphere of damnation explodes!
The damnation engulfs you!!
There is a stone staircase leading down here.
You shoot a bolt. The bolt hits the hellion!!!
The hellion is almost dead.
The hellion gestures at you.
The sphere of damnation explodes!
The damnation engulfs you!!!
* * * LOW HITPOINT WARNING * * *
The hellion gestures at you.
The sphere of damnation explodes!
The damnation engulfs you!!
You die...
Your body crumbles into a pile of gold.

#≈≈~≈.......≈≈.
#≈≈~≈..2...≈≈≈.
#≈≈~≈.....≈≈≈≈≈
#≈≈~≈≈≈..≈≈≈≈≈≈
#≈...≈≈≈≈≈≈≈≈≈≈
#≈≈.≈≈≈≈≈.....
#≈≈~≈≈.≈≈.....
##≈≈~≈.@≈≈....#
#≈≈≈~$...≈≈..#.
#≈≈≈~...^$$..$$
#≈≈~~≈≈≈≈≈≈....
#≈~~≈≈≈≈≈≈≈≈...
#~~≈.≈≈≈≈≈≈≈≈≈^
#~≈.......≈≈≈≈≈
#≈≈.#.....##≈≈≈
##≈.#∩..### #≈~


You could see a hellion.

Vanquished Creatures
  the Royal Jelly (Slime:5)
  Khufu (Crypt:2)
  2 ancient liches
  2 juggernauts
  An orb of fire (Zot:1)
  Boris (twice) (Vaults:4 Vaults:5)
  3 royal mummies (Crypt:2)
  Parghit (Zot:1)
  2 Killer Klowns (Zot:1)
  Frederick (Vaults:4)
  Bai Suzhen (Crypt:3)
  The ghost of Puzeuriu the Slayer, a master VSBe of Trog (Zot:4)
  3 curse toes
  The ghost of Bananafolds the Warrior, an adept NaVM of Cheibriados (D:15)
  4 caustic shrikes
  14 golden dragons
  Geryon (Hell)
  A Hellbinder (WizLab)
  Nikola (Swamp:3)
  Jory (Vaults:4)
  The ghost of Droegar the Slayer, an adept MiBe of Trog (Vaults:4)
  A profane servitor (Abyss:4)
  8 bone dragons
  A hellephant (Abyss:3)
  2 electric golems (Zot:1)
  2 Ice Fiends
  A shard shrike skeleton (Abyss:3)
  5 deep elf blademasters
  32 tentacled monstrosities
  3 liches
  8 titans
  A deep elf master archer (Elf:3)
  7 ancient champions
  7 searing wretches (Hell)
  17 acid blobs
  6 Executioners
  20 tentacled starspawn
  11 death cobs
  6 quicksilver dragons
  A thorn hunter (Swamp:4)
  4 sphinxes
  3 tengu reavers
  Gastronok (D:8)
  7 shadow dragons
  17 storm dragons
  5 revenants
  Donald (Spider:3)
  9 rockslimes
  Roxanne (Spider:3)
  4 draconian monks
  A daeva (Abyss:3)
  6 draconian knights
  12 frost giants
  7 deep elf sorcerers
  7 ghost moths
  3 fenstrider witches
  13 vault wardens
  4 narguns
  13 azure jellies
  7 draconian scorchers
  13 fire giants
  2 iron dragons (shapeshifter)
  2 balrugs
  9 emperor scorpions
  4 shard shrike simulacra
  3 curse skulls
  5 spectral caustic shrikes (Depths:1)
  Aizul (Spider:3)
  Louise (Depths:3)
  6 draconian shifters
  2 ghouls (Crypt:2)
  6 draconian stormcallers
  An orc warlord (Vaults:4)
  7 cacodemons
  5 draconian annihilators
  5 reapers
  3 war gargoyles
  5 deep elf elementalists
  19 vampire knights
  15 quicksilver oozes
  5 spriggan defenders
  8 ironbound thunderhulks
  An ophan (Abyss:2)
  13 ironbound preservers
  A caustic shrike skeleton (Hell)
  45 very ugly things
  5 broodmothers
  11 stone giants
  6 deep elf demonologists
  A demonspawn black sun (WizLab)
  4 eleionomae
  17 black draconians
  10 green draconians
  The ghost of Taetuu the Cleaver, a journeyman DsBe of Trog (Depths:4)
  5 lorocyprocas
  4 wendigos
  7 deep elf annihilators (Elf:3)
  8 elemental wellsprings
  Azrael (D:15)
  A dire elephant (shapeshifter) (Vaults:5)
  A minotaur (Gauntlet)
  15 red draconians
  5 dire elephants
  2 pale draconians (Depths:4)
  Nessos (Lair:3)
  7 yellow draconians
  4 spark wasps (Depths:2)
  3 bunyips
  3 iron golems (Hell)
  7 eidola
  10 white draconians
  4 blizzard demons
  14 purple draconians
  51 starcursed masses
  22 ettins
  An ettin (shapeshifter) (Abyss:4)
  3 crystal guardians
  A quicksilver dragon zombie (Crypt:3)
  3 green deaths
  5 deep elf death magi
  6 deep elf high priests
  9 yaktaur captains
  2 fire dragons
  13 jiangshi
  24 vault guards (Vaults:5)
  Erolcha (D:13)
  An entropy weaver (shapeshifter) (Lair:5)
  16 great orbs of eyes
  A spriggan zombie (Crypt:1)
  7 ice dragons
  6 entropy weavers
  18 hydras
  6 rakshasas
  6 caustic shrike simulacra
  5 spriggan air magi
  A catoblepas (D:14)
  12 jorogumos
  7 ogre magi
  2 spriggan skeletons
  2 ghost crabs
  A juggernaut simulacrum (Coc:5)
  A peacekeeper (Vaults:2)
  6 radroaches
  13 ironbound frosthearts
  2 merfolk aquamancers (Depths:3)
  A salamander tyrant (Depths:3)
  3 deep troll shamans
  4 naga warriors
  11 centaur warriors
  2 anacondas (shapeshifter)
  27 dancing weapons
  A stoker (Hell)
  17 death yaks
  6 alligators
  11 boulder beetles
  Erica (Lair:2)
  10 deep troll earth magi
  3 death knights
  11 two-headed ogres
  23 vampire magi
  A death scarab (Spider:4)
  8 spriggan berserkers
  3 tengu warriors
  4 orc high priests
  32 thrashing horrors
  3 hell hogs (Abyss:2)
  An emperor scorpion zombie (Crypt:2)
  2 storm dragon zombies (Crypt:3)
  10 soul eaters
  7 sun demons
  12 hell knights
  30 skeletal warriors
  Amaemon (Lair:2)
  19 wretched stars
  12 deep elf knights
  6 skysharks
  7 sixfirhies
  3 spatial maelstroms
  8 iron trolls
  An anaconda zombie (Crypt:2)
  9 glowing orange brains
  A spark wasp zombie (Crypt:3)
  A shadow demon (WizLab)
  7 pharaoh ants
  A glowing orange brain (shapeshifter) (Vaults:2)
  2 swamp dragons (shapeshifter)
  A death drake (Abyss:3)
  5 sun moths
  4 goliath frogs
  A shadow wraith (Crypt:3)
  A deep troll (shapeshifter) (D:13)
  11 spriggan druids
  60 deep trolls
  7 orb spiders
  A shadow dragon zombie (Crypt:3)
  5 bog bodies
  7 deep elf archers
  3 lindwurms
  4 orange crystal statues (D:11)
  Pikel (D:6)
  A fenstrider witch simulacrum (Hell)
  7 wizards
  3 quicksilver dragon simulacra
  10 swamp dragons
  4 flayed ghosts
  3 spriggan simulacra
  A goliath frog zombie (Crypt:3)
  A wolf spider zombie (Crypt:2)
  20 phantasmal warriors
  12 ironbound convokers
  A harpy (shapeshifter) (Vaults:4)
  15 necromancers
  7 orc knights
  15 shining eyes
  9 steelbarb worms
  A mana viper (Abyss:3)
  A shadow dragon skeleton (Abyss:1)
  An oklob plant (Lair:5)
  A frost giant zombie (Vaults:3)
  25 deep elf pyromancers
  26 deep elf zephyrmancers
  3 orc sorcerers
  A human zombie (Vaults:3)
  4 manticores
  A broodmother zombie (Crypt:1)
  50 ugly things
  3 salamanders
  A faun (shapeshifter) (Abyss:4)
  A wolf spider (shapeshifter) (Vaults:2)
  22 wolf spiders
  4 will-o-the-wisps
  42 moths of wrath
  7 worldbinders
  2 dire elephant zombies
  7 cyclopes
  A water nymph (Depths:3)
  3 guardian serpents
  4 black mambas
  22 elephants
  3 titan simulacra
  Maurice (D:12)
  4 rust devils
  A stone giant skeleton (Crypt:1)
  6 centaur zombies
  A gargoyle (D:11)
  2 eyes of devastation
  18 smoke demons
  5 apocalypse crabs
  18 vault sentinels
  12 demonic crawlers
  2 guardian serpents (shapeshifter)
  12 orange demons
  10 torpor snails
  5 unseen horrors
  Maggie (D:6)
  8 centaur skeletons (Crypt:2)
  3 ice statues
  11 cane toads
  3 hellions
  6 komodo dragons
  30 yaktaurs
  An efreet (Abyss:1)
  4 tormentors
  A yaktaur (shapeshifter) (Vaults:5)
  An iron giant simulacrum (Coc:4)
  A pale draconian skeleton (Crypt:2)
  10 rime drakes
  6 freezing wraiths
  8 kobold demonologists
  A komodo dragon (shapeshifter) (Depths:2)
  A green draconian skeleton (Crypt:3)
  6 ice devils
  A bunyip simulacrum (Coc:1)
  A dryad (Depths:3)
  3 anaconda simulacra
  9 meliai
  18 ancient zymes
  13 trolls
  3 tengu conjurers (Depths:1)
  7 tyrant leeches
  A grey draconian skeleton (Crypt:2)
  4 harpy zombies
  6 polar bears
  A hornet (shapeshifter) (Lair:5)
  A merfolk (shapeshifter) (Vaults:2)
  A queen bee (shapeshifter) (D:14)
  A meliai (shapeshifter) (D:13)
  25 tarantellas
  3 bloated husks
  A merfolk (Depths:3)
  12 hornets
  A culicivora zombie (Crypt:2)
  8 hellwings
  2 iron dragon simulacra
  A raiju (shapeshifter) (D:14)
  15 blink frogs
  A dream sheep (shapeshifter) (Vaults:5)
  A fire dragon zombie (Crypt:3)
  38 raiju
  4 dream sheep (Lair:4)
  79 slime creatures
  4 ettin zombies
  19 jumping spiders
  A great orb of eyes zombie (Crypt:3)
  A human simulacrum (Crypt:1)
  A jumping spider zombie (Crypt:1)
  3 centaur simulacra
  8 flying skulls
  23 vampires
  15 culicivoras
  3 water elementals (Elf:3)
  An alligator skeleton (Crypt:3)
  A shadow (D:11)
  11 wraiths
  4 dire elephant simulacra
  23 yaks
  3 ettin skeletons
  13 spriggans
  4 wyverns
  18 ynoxinuls
  Grum (D:8)
  7 fire elementals
  A hog (shapeshifter) (Vaults:4)
  3 fire bats (Abyss:1)
  A fire bat (shapeshifter) (Vaults:5)
  An alligator snapping turtle simulacrum (Coc:2)
  15 neqoxecs
  2 naga simulacra
  8 golden eyes
  A golden eye (shapeshifter) (Lair:5)
  A slime creature zombie (Crypt:1)
  2 yaks (shapeshifter)
  A steam dragon (shapeshifter) (Depths:4)
  38 redbacks
  49 large abominations
  A wind drake skeleton (Crypt:2)
  2 spatial vortices (Abyss:2)
  6 steam dragons
  12 vampire mosquitoes
  2 basilisks
  10 chaos spawn
  A naga zombie (Hell)
  4 harpy simulacra
  5 wargs
  13 swamp worms
  A hell hound (D:15)
  4 nagas
  A naga skeleton (Crypt:1)
  20 water moccasins
  4 acid dragons
  2 floating eyes
  8 swamp drakes
  9 ice beasts
  A sky beast (Abyss:1)
  A fire dragon simulacrum (Coc:1)
  2 hornet zombies (Crypt:2)
  2 ettin simulacra
  33 orc warriors
  An ice dragon simulacrum (Coc:1)
  A black bear (D:4)
  An ogre (shapeshifter) (Depths:4)
  2 tengu (shapeshifter) (Depths:4)
  21 ogres
  28 wolves
  A blink frog skeleton (Crypt:1)
  9 centaurs
  3 lemures (D:6)
  2 phantoms
  A draconian zombie (Crypt:2)
  2 elf zombies
  A bullfrog (shapeshifter) (Depths:4)
  Blork the orc (D:4)
  A gnoll sergeant (D:5)
  2 necrophages (Crypt:2)
  A draconian skeleton (Crypt:2)
  5 kobold brigands
  12 bullfrogs
  2 scorpions
  A komodo dragon skeleton (Crypt:1)
  3 earth elementals
  6 wights
  A water moccasin skeleton (Crypt:3)
  A swamp dragon simulacrum (Crypt:2)
  6 killer bees
  An electric eel (Lair:4)
  7 quasits
  2 hounds (D:6)
  Crazy Yiuf (D:2)
  14 orc priests
  An iguana (D:4)
  3 iron imps
  2 jellies
  44 small abominations
  A sleepcap (D:7)
  Jessica (D:2)
  Ijyb (D:3)
  Natasha (twice) (D:2)
  A boggart zombie (Crypt:2)
  21 orc wizards
  4 hell rats (Hell)
  2 boggart skeletons (Crypt:2)
  A hound skeleton (Crypt:1)
  A howler monkey zombie (Crypt:3)
  11 adders
  6 river rats (Sewer)
  A steam dragon zombie (Crypt:2)
  4 gnolls
  A shadow imp (D:8)
  6 white imps
  7 ufetubi
  A lava snake zombie (Crypt:2)
  A worm (shapeshifter) (Vaults:4)
  3 worms
  A dart slug (shapeshifter) (Depths:4)
  4 dart slugs (D:1)
  77 orcs
  3 bats
  8 endoplasms
  6 giant cockroaches
  A giant cockroach (shapeshifter) (Depths:4)
  4 goblins
  7 hobgoblins
  9 jackals
  5 quokkas
  9 ball pythons
  A ball python skeleton (Crypt:3)
  A frilled lizard (shapeshifter) (Vaults:4)
  2 frilled lizards
  A goblin skeleton (Crypt:3)
  A hobgoblin skeleton (Crypt:1)
  32 kobolds
  A rat (shapeshifter) (Depths:4)
  22 rats
  A river rat zombie (Crypt:1)
  2 creeping infernos (Hell)
  6 fire vortices
  6 lurking horrors
  3 starspawn tentacles
3055 creatures vanquished.

Vanquished Creatures (collateral kills)
  the Lernaean hydra (Swamp:4)
  A titan (Coc:3)
  An azure jelly (Coc:2)
  2 fire giants (Coc:3)
  3 frost giants (Coc:3)
  A nargun (Coc:2)
  A shard shrike simulacrum (Coc:3)
  A quicksilver ooze (Slime:5)
  A hydra (Swamp:4)
  A caustic shrike simulacrum (Coc:2)
  2 thrashing horrors (Abyss:4)
  2 hell knights (Hell)
  A swamp dragon (Swamp:4)
  A quicksilver dragon simulacrum (Hell)
  A bog body (Swamp:4)
  2 necromancers (Hell)
  5 unseen horrors (Abyss:4)
  An anaconda simulacrum (Coc:3)
  A bullfrog (D:6)
  2 orc wizards (D:6)
  2 orcs (D:6)
  2 lurking horrors (Abyss:4)
35 creatures vanquished.

Vanquished Creatures (others)
  A lich (Vaults:3)
  A rockslime (Slime:5)
  A frost giant (Coc:3)
  2 fire giants (Coc:3)
  2 shard shrike simulacra
  A draconian annihilator (Zot:3)
  A juggernaut simulacrum (Coc:6)
  A merfolk aquamancer (Depths:3)
  A hell knight (Hell)
  2 spriggans (Swamp:3)
  A quicksilver dragon simulacrum (Coc:6)
  A spriggan druid (Swamp:3)
  A wizard (Vaults:3)
  2 necromancers (Hell)
  A wolf spider (Spider:4)
  A bloated husk (Swamp:1)
  2 hornets (Swamp:3)
  A ynoxinul (Abyss:3)
  A harpy simulacrum (Coc:1)
  2 water moccasins
  A small abomination (Abyss:3)
  A lurking horror (Abyss:4)
  16 starspawn tentacles
44 creatures vanquished.

Grand Total: 3134 creatures vanquished

Notes
Turn   | Place    | Note
-------+----------+-------------------------------------------
     0 | D:1      | KingMidas the Formicid Hunter began the quest for the Orb.
     0 | D:1      | Reached XP level 1. HP: 16/16 MP: 1/1
    30 | D:1      | Reached XP level 2. HP: 16/22 MP: 2/2
    95 | D:1      | Found Padgheuts's Book Boutique.
   121 | D:1      | Reached XP level 3. HP: 27/27 MP: 3/3
   218 | D:1      | Reached skill level 5 in Ranged Weapons
   579 | D:2      | Reached XP level 4. HP: 33/33 MP: 4/4
   666 | D:2      | Found a runed translucent door.
   667 | D:2      | Noticed Crazy Yiuf
   925 | D:2      | Noticed Jessica
   929 | D:2      | Killed Jessica
   961 | D:2      | Noticed Natasha
   968 | D:2      | Killed Natasha
   969 | D:2      | Reached XP level 5. HP: 26/38 MP: 5/5
  1484 | D:2      | Noticed Natasha
  1498 | D:2      | Killed Natasha
  1676 | D:3      | Found a hazy altar of Hepliaklqana.
  1906 | D:3      | Found a glowing drain.
  1915 | Sewer    | Entered a sewer
  2022 | Sewer    | Reached XP level 6. HP: 44/44 MP: 6/6
  2443 | Sewer    | Reached XP level 7. HP: 44/50 MP: 7/7
  2689 | D:3      | Noticed Ijyb
  2694 | D:3      | Killed Ijyb
  3240 | D:4      | Found Recwiuc's Jewellery Shoppe.
  3624 | D:4      | Found a broken altar of Ashenzari.
  3759 | D:4      | Noticed Blork the orc
  3766 | D:4      | Killed Blork the orc
  4262 | D:5      | Entered Level 5 of the Dungeon
  4338 | D:5      | Reached XP level 8. HP: 38/60 MP: 8/8
  4955 | D:5      | Found an opulent altar of Gozag.
  4989 | D:5      | Became a worshipper of Gozag Ym Sagoz the Greedy
  5068 | D:5      | Found a white marble altar of Elyvilon.
  5068 | D:5      | Found a burning altar of Makhleb.
  5273 | D:5      | Found a staircase to the Ecumenical Temple.
  5500 | D:6      | Reached skill level 5 in Fighting
  5500 | D:6      | Reached skill level 10 in Ranged Weapons
  5715 | D:6      | Noticed a hornet
  6138 | D:6      | Reached XP level 9. HP: 31/68 MP: 9/9
  6227 | D:6      | Noticed Maggie
  7106 | D:6      | Noticed Pikel
  7605 | D:6      | Killed Pikel
  7813 | D:6      | Killed a hornet
  8036 | D:6      | Reached XP level 10. HP: 46/79 MP: 10/10
  8070 | D:6      | Killed Maggie
  9074 | D:7      | Found a bloodstained altar of Trog.
  9215 | D:7      | Found a glowing golden altar of the Shining One.
  9827 | D:8      | Noticed Grum
 10372 | D:8      | Killed Grum
 10582 | D:8      | Found a hide-covered altar of Uskayaw.
 10618 | D:8      | Noticed a two-headed ogre
 10625 | D:8      | Killed a two-headed ogre
 10648 | D:8      | Found a staircase to the Lair.
 10757 | D:8      | Noticed a komodo dragon
 10842 | D:8      | Found a sacrificial altar of Ru.
 10865 | D:8      | Reached XP level 11. HP: 86/89 MP: 11/11
 10865 | D:8      | Noticed Gastronok
 10878 | D:8      | Killed Gastronok
 11175 | D:9      | Found a stormy altar of Qazlal.
 11489 | D:9      | Noticed a two-headed ogre
 11495 | D:9      | Killed a two-headed ogre
 11496 | D:9      | Reached skill level 10 in Fighting
 11644 | D:9      | Found a sparkling altar of Nemelex Xobeh.
 11741 | D:10     | Entered Level 10 of the Dungeon
 11830 | D:10     | Found a corrupted altar of Lugonu.
 11864 | D:10     | You fall into a shaft and drop 3 floors!
 12081 | D:13     | Gained mutation: Your body sometimes deteriorates upon
                  | taking damage. [a neqoxec]
 12232 | D:13     | Noticed a skeletal warrior
 12232 | D:13     | Noticed a skeletal warrior
 12235 | D:13     | Noticed a skeletal warrior
 12248 | D:13     | Noticed a swamp dragon
 12273 | D:13     | Noticed a two-headed ogre
 12454 | D:12     | Reached skill level 15 in Ranged Weapons
 12548 | D:12     | Noticed Maurice
 12558 | D:12     | Killed Maurice
 12648 | D:12     | Noticed a deep elf pyromancer
 12653 | D:12     | Killed a deep elf pyromancer
 12654 | D:12     | Noticed a deep elf pyromancer
 12668 | D:12     | Killed a deep elf pyromancer
 12792 | D:12     | Gained mutation: Your body often deteriorates upon taking
                  | damage. [a neqoxec]
 12916 | D:12     | Reached XP level 12. HP: 99/99 MP: 12/12
 13471 | D:11     | Found a runed translucent door.
 13478 | D:11     | Found the +10 tower shield of Ignorance {rN+ Int-4}
 13897 | D:10     | Found a staircase to the Orcish Mines.
 14031 | D:11     | Found a runed translucent door.
 14080 | D:11     | Noticed a two-headed ogre
 14092 | D:11     | Killed a two-headed ogre
 14639 | D:11     | Noticed a boulder beetle
 14648 | D:11     | Killed a boulder beetle
 15073 | D:13     | Noticed an eight-headed hydra
 15258 | D:13     | Noticed Erolcha
 15269 | D:13     | Killed Erolcha
 15314 | D:13     | Noticed a deep troll
 15319 | D:13     | Killed a deep troll
 15353 | D:13     | Reached XP level 13. HP: 108/108 MP: 13/13
 15630 | D:13     | Reached skill level 1 in Armour
 15630 | D:13     | Reached skill level 1 in Shields
 15729 | D:12     | Killed an eight-headed hydra
 15841 | Lair:1   | Entered Level 1 of the Lair of Beasts
 17030 | Lair:2   | Reached skill level 5 in Shields
 17310 | Lair:2   | Noticed Erica
 17324 | Lair:2   | Killed Erica
 17364 | Lair:2   | Noticed Amaemon
 17386 | Lair:2   | Killed Amaemon
 17726 | Lair:2   | Reached skill level 5 in Armour
 17735 | Lair:2   | Found a hole to the Spider Nest.
 17864 | Lair:2   | Reached XP level 14. HP: 37/116 MP: 14/14
 18441 | Lair:3   | Found a staircase to the Swamp.
 18442 | Lair:3   | Noticed Nessos
 18470 | Lair:3   | Killed Nessos
 18998 | Lair:4   | Found a frozen archway.
 19007 | IceCv    | Entered an ice cave
 19666 | IceCv    | Noticed a frost giant
 19947 | IceCv    | HP: 6/120 [frost giant/bolt of cold (51)]
 19959 | IceCv    | Killed a frost giant
 20356 | Lair:4   | Reached skill level 5 in Dodging
 20674 | Lair:4   | Found the +8 whip "Snakebite" {venom, curare, rPois}
 20739 | Lair:4   | Reached XP level 15. HP: 126/126 MP: 15/15
 20743 | Lair:4   | Lost mutation: Your body often deteriorates upon taking
                  | damage. [potion of mutation]
 20743 | Lair:4   | Lost mutation: Your body sometimes deteriorates upon taking
                  | damage. [potion of mutation]
 20743 | Lair:4   | Gained mutation: You passively dampen the noise of your
                  | surroundings. [potion of mutation]
 20743 | Lair:4   | Gained mutation: Your spells are a little harder to cast,
                  | but a little more powerful. [potion of mutation]
 20743 | Lair:4   | Gained mutation: You possess an exceptional clarity of
                  | mind. [potion of mutation]
 20743 | Lair:4   | Gained mutation: Your system is resistant to poisons.
                  | (rPois) [potion of mutation]
 20916 | Lair:4   | You fall into a shaft and drop 1 floor!
 20916 | Lair:5   | Entered Level 5 of the Lair of Beasts
 21049 | Lair:5   | Reached skill level 10 in Shields
 21848 | Lair:5   | Reached skill level 15 in Fighting
 21891 | Lair:5   | Found a corrupted altar of Lugonu.
 21891 | Lair:5   | Found a one-way gate to the infinite horrors of the Abyss.
 22070 | Lair:5   | Found a viscous altar of Jiyva.
 22070 | Lair:5   | Found a staircase to the Slime Pits.
 22913 | Orc:1    | Entered Level 1 of the Orcish Mines
 22941 | Orc:2    | Entered Level 2 of the Orcish Mines
 22941 | Orc:2    | Found a staircase to the Elven Halls.
 22970 | Orc:2    | Found a gate leading to a gauntlet.
 23053 | Orc:2    | Found Larchato's Jewellery Boutique.
 23058 | Orc:2    | Found Kagesoat's Book Boutique.
 23059 | Orc:2    | Found Onyjoe's Distillery.
 23061 | Gauntlet | Entered a Gauntlet
 23061 | Gauntlet | Found a transporter.
 23061 | Gauntlet | Found a transporter.
 23074 | Gauntlet | Found a transporter.
 23092 | Gauntlet | Found a transporter.
 23092 | Gauntlet | Found a transporter.
 23092 | Gauntlet | Found a transporter.
 23094 | Gauntlet | Found a transporter.
 23094 | Gauntlet | Found a transporter.
 23106 | Gauntlet | Found a transporter.
 23122 | Gauntlet | Found a transporter.
 23132 | Gauntlet | Found a transporter.
 23146 | Gauntlet | Found a transporter.
 23166 | Gauntlet | Found a transporter.
 23180 | Gauntlet | Found a transporter.
 23438 | Gauntlet | Reached XP level 16. HP: 65/136 MP: 16/16
 23512 | Gauntlet | Identified the ring "Esoobourr" {rC+++ rCorr Int-4 Dex-4
                  | Stlth+}
 23516 | Gauntlet | Identified the +2 pair of gloves of Gravitas {SInv}
 23568 | Gauntlet | Identified the +4 rapier of Evolution {drain, rPois Will+++
                  | Int-3 Dex-2}
 23637 | Gauntlet | Identified the staff of fire "Luufuggo" {rF+ Dex+6}
 23783 | Orc:2    | Found Toegh's Magic Scroll Emporium.
 23830 | Orc:2    | Bought a potion of heal wounds for 65 gold pieces
 23830 | Orc:2    | Bought a potion of heal wounds for 65 gold pieces
 23830 | Orc:2    | Bought a potion of heal wounds for 65 gold pieces
 23858 | Orc:2    | Found Muaz's Weapon Shop.
 23878 | Orc:2    | Bought a scroll of butterflies for 52 gold pieces
 24954 | D:8      | Bought a +0 pair of boots of flying for 184 gold pieces
 24986 | D:8      | Bought a pair of runed gloves for 202 gold pieces
 24986 | D:8      | Bought a brightly glowing leather armour for 189 gold
                  | pieces
 24986 | D:8      | Identified the +0 leather armour "Hejebem" {Will++ Str-4
                  | Dex+5} (You bought it in a shop on level 8 of the Dungeon)
 24986 | D:8      | Bought a jewelled leather armour for 189 gold pieces
 24986 | D:8      | Identified the +1 leather armour of Meqy {+Inv rN+++ Str-3}
                  | (You bought it in a shop on level 8 of the Dungeon)
 24986 | D:8      | Upgraded the game from 0.30.0-10-gfe55d96785 to
                  | 0.30.0-11-gf55b779eaf
 25084 | Spider:1 | Entered Level 1 of the Spider Nest
 25202 | Spider:1 | Noticed an emperor scorpion
 25209 | Spider:1 | Killed an emperor scorpion
 25232 | Spider:1 | Noticed an emperor scorpion
 25259 | Lair:2   | Killed an emperor scorpion
 25699 | Spider:1 | Reached XP level 17. HP: 144/144 MP: 17/17
 25865 | Spider:1 | Found a runed translucent door.
 25865 | Spider:1 | Noticed Jase's ghost (journeyman MiFi)
 26243 | Spider:2 | Found a runed translucent door.
 26380 | Spider:2 | Noticed reativica's ghost (journeyman CeHu)
 27984 | Spider:3 | Reached skill level 10 in Dodging
 28024 | Spider:3 | Reached skill level 15 in Shields
 28121 | Spider:3 | Noticed Aizul
 28135 | Spider:3 | Killed Aizul
 28219 | Spider:3 | Noticed Roxanne
 28228 | Spider:3 | Killed Roxanne
 28316 | Spider:3 | Reached XP level 18. HP: 155/155 MP: 18/18
 28777 | Spider:3 | Noticed Donald
 28785 | Spider:3 | Killed Donald
 28818 | Spider:4 | Entered Level 4 of the Spider Nest
 29228 | Spider:4 | Identified the +4 robe of Cuenew {rN+ Dex+2}
 30163 | Swamp:1  | Entered Level 1 of the Swamp
 30650 | Swamp:1  | Reached skill level 1 in Evocations
 30812 | Swamp:2  | Noticed a tentacled monstrosity
 30823 | Swamp:2  | Killed a tentacled monstrosity
 30990 | Swamp:2  | Found a runed translucent door.
 30994 | Swamp:2  | Noticed Gokhumny's ghost (adept GnFi)
 30995 | Swamp:2  | Identified the +4 spear "Lururi" {heavy, rF- Int+3}
 31061 | Swamp:2  | Identified the +0 leather armour of Life {Fly}
 31330 | Swamp:2  | Got the Papyrus of Shades
 31420 | Swamp:2  | Reached XP level 19. HP: 163/163 MP: 19/19
 31978 | Swamp:3  | Noticed Nikola
 31999 | Swamp:3  | Killed Nikola
 32268 | Swamp:4  | Entered Level 4 of the Swamp
 32432 | Swamp:4  | Noticed the 27-headed Lernaean hydra
 32436 | Swamp:4  | Killed the 27-headed Lernaean hydra
 32842 | Swamp:4  | Found a large runed translucent door.
 32842 | Swamp:4  | Found a large runed translucent door.
 32846 | Swamp:4  | Noticed Ricegish's ghost (adept GnFi)
 32976 | Swamp:4  | Got a decaying rune of Zot
 33370 | Spider:4 | Got a gossamer rune of Zot
 34087 | D:11     | Lost intelligence.
 34632 | D:13     | Found a gate to the Vaults.
 34666 | D:14     | Reached skill level 5 in Evocations
 35171 | D:15     | Entered Level 15 of the Dungeon
 35242 | D:15     | Identified the +5 plate armour of Words of Power {rPois rF-
                  | rN+++}
 35268 | D:15     | Found a runed translucent door.
 35287 | D:15     | Noticed Azrael
 35299 | D:15     | Killed Azrael
 35314 | D:15     | Noticed Bananafolds's ghost (adept NaVM)
 35455 | D:15     | Reached XP level 20. HP: 172/172 MP: 20/20
 35510 | D:15     | Found a staircase to the Depths.
 36116 | D:15     | Killed Bananafolds's ghost
 36280 | Vaults:1 | Entered Level 1 of the Vaults
 36370 | Vaults:1 | Found a magical portal.
 36379 | WizLab   | Entered The Hall of the Hellbinder
 36522 | WizLab   | Identified a scroll of acquirement
 36525 | WizLab   | Acquired the amulet of Utootiz {Reflect Str+5 Slay+2 SH+5}
 37121 | WizLab   | Found a burning altar of Makhleb.
 37131 | WizLab   | Identified the ring "Yrud" {rF+ Will+ rCorr Str-4 Dex+3}
 37131 | WizLab   | Noticed Zuopilir
 37158 | WizLab   | Killed Zuopilir the Hellbinder
 37317 | WizLab   | Identified the ring of Propriety {rF+ rCorr Str+4 Slay+4}
 37349 | WizLab   | Got Sif Muna's Secrets of the Comitatus
 38027 | Vaults:1 | Reached skill level 10 in Armour
 38910 | Vaults:1 | Reached XP level 21. HP: 161/180 MP: 21/21
 40172 | Vaults:2 | Found a portal to a secret trove of treasure.
 40254 | Vaults:2 | Found Vodwethy's Antique Weapon Emporium.
 41240 | Vaults:3 | Found a staircase to the Crypt.
 42083 | Vaults:4 | Reached XP level 22. HP: 190/190 MP: 22/22
 42337 | Vaults:4 | Found a runed translucent gate.
 42338 | Vaults:4 | Found a runed translucent gate.
 42338 | Vaults:4 | Found a runed translucent gate.
 42371 | Vaults:4 | Noticed Boris
 42382 | Vaults:4 | Killed Boris
 42615 | Vaults:4 | Identified the +1 hand axe of the Cup {freeze, Dex+4}
 42717 | Vaults:4 | Found Vifan's Distillery.
 42767 | Vaults:4 | Noticed Frederick
 42780 | Vaults:4 | Killed Frederick
 42889 | Vaults:4 | Noticed Jory
 42902 | Vaults:4 | Killed Jory
 43350 | Vaults:4 | Reached skill level 10 in Evocations
 43657 | Vaults:4 | Found a runed translucent gate.
 43657 | Vaults:4 | Found a runed translucent gate.
 43662 | Vaults:4 | Noticed Droegar's ghost (adept MiBe)
 43664 | Vaults:4 | Found a runed translucent gate.
 43704 | Vaults:4 | Gained mutation: You are weak. (Str -2) [a cacodemon]
 43709 | Vaults:4 | Gained mutation: Your body sometimes deteriorates upon
                  | taking damage. [a cacodemon]
 43741 | Vaults:4 | Killed Droegar's ghost
 43749 | Vaults:4 | a shadow dragon changed into a caustic shrike
 43749 | Vaults:4 | Noticed a caustic shrike (glowing shapeshifter)
 43751 | Vaults:4 | a caustic shrike changed into an iron dragon
 43787 | Vaults:4 | Identified the +0 pair of gloves of Good Intentions {rN+
                  | Will+ SInv}
 44227 | Depths:1 | Entered Level 1 of the Depths
 44282 | Depths:1 | Found a one-way gateway to a ziggurat.
 44774 | Depths:1 | Identified the +2 falchion "Wuckuadd" {venom, Contam Str+3
                  | Int+2}
 44775 | Depths:1 | Identified the +4 rapier "Vaanwiz" {holy, rPois rF+ Will-
                  | Int+2}
 45014 | Depths:1 | You are sucked into a shaft and drop 1 floor!
 45342 | Depths:2 | Reached XP level 23. HP: 200/200 MP: 23/23
 45584 | Depths:2 | Found a gateway to Hell.
 45730 | Depths:2 | Reached skill level 15 in Armour
 45878 | Depths:2 | Noticed a juggernaut
 45892 | Depths:2 | Killed a juggernaut
 46023 | Depths:2 | Found a one-way gate leading to the halls of Pandemonium.
 46260 | Depths:3 | Reached skill level 1 in Hexes
 46370 | Depths:3 | Identified the +5 tower shield of the Impish God {rElec
                  | Dex+4 Slay+2}
 46370 | Depths:3 | Noticed Louise
 46384 | Depths:3 | Killed Louise
 46530 | Depths:3 | Reached skill level 1 in Spellcasting
 46915 | Depths:3 | Identified the staff of fire "Hygafeuh" {*Corrode rF+ Int+6
                  | SInv}
 47288 | Depths:3 | Found an ancient bone altar of Kikubaaqudgha.
 47660 | Depths:3 | Identified the +0 ring mail of Bedevilment {rF+ rC+ Slay-2
                  | Stlth+}
 47926 | Depths:3 | Reached skill level 5 in Hexes
 48172 | Depths:4 | Entered Level 4 of the Depths
 48172 | Depths:4 | Noticed a caustic shrike
 48172 | Depths:4 | Noticed a caustic shrike
 48172 | Depths:4 | Noticed a caustic shrike
 48172 | Depths:4 | Noticed a caustic shrike
 48212 | Depths:2 | Identified the staff of poison "Ydoesm" {Fly rElec rPois
                  | rF- rC++}
 48480 | Depths:4 | Noticed a juggernaut
 48493 | Depths:4 | Killed a juggernaut
 48902 | Depths:1 | Reached XP level 24. HP: 183/210 MP: 28/28
 49786 | D:1      | Bought a book of Weapons for 308 gold pieces
 49790 | D:1      | Learned a level 3 spell: Portal Projectile
 49922 | D:2      | Killed Crazy Yiuf
 49927 | D:2      | Identified the +5 hammer of Courage {freeze, Str+6}
 50866 | Depths:3 | Killed a caustic shrike
 51075 | Depths:4 | Noticed a golden dragon
 51087 | Depths:3 | Killed a golden dragon
 51249 | Depths:4 | Found a runed translucent gate.
 51250 | Depths:4 | Found a runed translucent gate.
 51251 | Depths:4 | Found a runed translucent gate.
 51314 | Depths:4 | Reached skill level 1 in Translocations
 51344 | Depths:4 | Killed a caustic shrike
 51357 | Depths:4 | Killed a caustic shrike
 51846 | Depths:4 | Killed a caustic shrike
 52151 | Depths:4 | Noticed a golden dragon
 52170 | Depths:4 | Killed a golden dragon
 52395 | Depths:4 | Found a gate to the Realm of Zot.
 52590 | Depths:4 | Reached skill level 5 in Spellcasting
 52709 | Depths:4 | Found a runed translucent gate.
 52709 | Depths:4 | Found a runed translucent gate.
 52713 | Depths:4 | Noticed Taetuu's ghost (journeyman DsBe)
 52715 | Depths:4 | Found a runed translucent gate.
 52855 | Depths:2 | Reached skill level 15 in Dodging
 53429 | Crypt:1  | Entered Level 1 of the Crypt
 53460 | Crypt:1  | Learned a level 3 spell: Tukima's Dance
 54277 | Crypt:1  | Reached XP level 25. HP: 123/219 MP: 31/31
 54866 | Elf:1    | Entered Level 1 of the Elven Halls
 54869 | Elf:1    | Reached skill level 10 in Hexes
 54952 | Elf:1    | Identified the +1 robe "Ehocidi" {Str+4 Int-3}
 55864 | Elf:2    | Found a runed translucent gate.
 55864 | Elf:2    | Found a runed translucent gate.
 55865 | Elf:2    | Found a runed translucent gate.
 56469 | Elf:3    | Entered Level 3 of the Elven Halls
 57189 | Elf:3    | Identified the +0 great sword of Fuqacin {flame, rPois
                  | Str+3 Int+4}
 57192 | Elf:3    | Identified the +1 hand axe of Weceammo {freeze, rN+ Str+3
                  | Dex-2}
 57192 | Elf:3    | Identified the ring of Vifuezul {Int+2 Dex+6}
 57212 | Elf:3    | Identified the +0 ring mail of the Unseen Realm {rPois rF+
                  | Dex+3}
 57233 | Elf:3    | Identified the +5 scale mail "Sogien" {Harm rN+ Str-4}
 57234 | Elf:3    | Identified the ring of Fodd {MP+9 Int+6 Dex+3}
 57237 | Elf:3    | Identified the ring of the Oily Pear {Drain rElec rC- MP+9
                  | Str+8}
 57244 | Elf:3    | Identified the staff of death "Wiocoenu" {rF++ rN+}
 57254 | Elf:3    | Got the Papyrus of the Frozen Commander
 57297 | Elf:3    | Identified the +6 falchion "Jellyslayer" {flame, rC+ Str+4}
 57906 | Elf:3    | Learned a level 5 spell: Silence
 57915 | Elf:3    | Learned a level 8 spell: Discord
 58416 | Depths:4 | Killed Taetuu's ghost
 58423 | Depths:4 | an iron giant changed into a caustic shrike
 58423 | Depths:4 | Noticed a caustic shrike (glowing shapeshifter)
 58424 | Depths:4 | a caustic shrike changed into an iron dragon
 58431 | Depths:4 | an iron dragon changed into a caustic shrike
 58431 | Depths:4 | Noticed a caustic shrike (glowing shapeshifter)
 58434 | Depths:4 | a caustic shrike changed into a shadow dragon
 58519 | Depths:4 | Gained mutation: Your flesh is cold resistant. (rC+)
                  | [mutagenic glow]
 58626 | Depths:4 | Identified the +0 pair of gloves of Insatiable Hunger
                  | {Dex+6}
 59191 | Slime:1  | Entered Level 1 of the Pits of Slime
 59220 | Slime:1  | Reached XP level 26. HP: 229/229 MP: 34/34
 59416 | Slime:1  | Gained mutation: Your body often deteriorates upon taking
                  | damage. [a shining eye]
 61674 | Slime:5  | Entered Level 5 of the Pits of Slime
 61865 | Slime:5  | Noticed the Royal Jelly
 62402 | Slime:5  | Killed the Royal Jelly
 62495 | Slime:5  | Identified the amulet "Sibihel" {Rampage rF+ Regen+ rCorr}
 62498 | Slime:5  | Identified the ring "Munwy" {Wiz Fly rElec Str-2 Int+6}
 62503 | Slime:5  | Identified the ring "Huhasec" {rF++ Dex+4 SInv}
 62506 | Slime:5  | Got Sif Muna's Directory of the Summoned Xenotype
 62530 | Slime:5  | Identified the ring of Suyg {AC+4 Str+5 Int+2 Stlth+}
 62551 | Slime:5  | Identified the +11 great mace of Amortisation {venom,
                  | +Blink rPois Dex-3}
 62580 | Slime:5  | Gained mutation: Your magical capacity is low. (-10% MP) [a
                  | shining eye]
 62582 | Slime:5  | Gained mutation: You are frail. (-10% HP) [a shining eye]
 62588 | Slime:5  | Found the +3 crown of Dyrovepreva {rElec Int+2 SInv}
 62699 | Slime:5  | Got a slimy rune of Zot
 62711 | Slime:5  | Identified the +8 scimitar "Huimom" {freeze, MP+9 Dex+3}
 62747 | Slime:5  | Identified the +1 rapier of Cheese {freeze, Fly Int+3}
 62748 | Slime:5  | Identified the ring "Ifiede Ysali" {Fire Int+2 Dex+4}
 62859 | Slime:5  | Lost mutation: Your spells are a little harder to cast, but
                  | a little more powerful. [a shining eye]
 63321 | D:8      | Bought the +8 orange crystal plate armour {Archmagi, Int+3
                  | Clar} for 2312 gold pieces
 63321 | D:8      | Found the +8 orange crystal plate armour {Archmagi, Int+3
                  | Clar}
 63581 | Crypt:2  | Noticed Khufu
 63581 | Crypt:2  | Noticed a royal mummy
 63582 | Crypt:2  | Noticed a royal mummy
 63589 | Crypt:2  | Noticed a royal mummy
 64153 | Crypt:2  | Killed a royal mummy
 64168 | Crypt:2  | Killed Khufu
 64179 | Crypt:2  | Killed a royal mummy
 64189 | Crypt:2  | Killed a royal mummy
 65062 | Crypt:2  | Found the +9 sword of Zonguldrok {reap}
 65082 | Crypt:2  | Reached skill level 15 in Hexes
 65217 | Crypt:3  | Entered Level 3 of the Crypt
 65217 | Crypt:3  | Noticed an ancient lich
 65242 | Crypt:3  | Noticed Bai Suzhen
 65244 | Crypt:3  | Killed an ancient lich
 65245 | Crypt:3  | Reached XP level 27. HP: 205/216 MP: 32/32
 65272 | Crypt:3  | Killed Bai Suzhen
 66715 | Crypt:3  | Reached skill level 10 in Spellcasting
 66840 | Crypt:3  | Found a staircase to the Tomb.
 67466 | Zot:1    | Entered Level 1 of the Realm of Zot
 67563 | Zot:1    | Noticed Parghit
 67631 | Zot:1    | Killed Parghit
 68269 | Zot:1    | Noticed a Killer Klown
 68296 | Zot:1    | Killed a Killer Klown
 68549 | Zot:1    | Noticed a Killer Klown
 68563 | Zot:1    | Killed a Killer Klown
 69168 | Zot:1    | You are sucked into a shaft and drop 1 floor!
 70370 | Zot:1    | Noticed an orb of fire
 70378 | Zot:1    | Killed an orb of fire
 71313 | D:8      | Bought a faintly humming leather armour for 203 gold pieces
 71313 | D:8      | Identified the +1 leather armour "Imemexipn" {Rampage rC-
                  | Str+2} (You bought it in a shop on level 8 of the Dungeon)
 71313 | D:8      | Bought a distressingly furry leather armour for 203 gold
                  | pieces
 71313 | D:8      | Identified the +3 leather armour "Utetas" {Will+++ Regen+
                  | Dex-5 Slay+4} (You bought it in a shop on level 8 of the
                  | Dungeon)
 71316 | D:8      | Bought a scroll of enchant weapon for 150 gold pieces
 71326 | D:8      | Bought a warped ring mail for 378 gold pieces
 71326 | D:8      | Identified the +4 ring mail of Ennui {+Inv rF++ Int-4 SInv}
                  | (You bought it in a shop on level 8 of the Dungeon)
 74907 | Zot:4    | Noticed Puzeuriu's ghost (master VSBe)
 75228 | Zot:4    | Found a runed translucent door.
 75729 | Zot:4    | Killed Puzeuriu's ghost
 75742 | Zot:4    | Got the Guidebook on the Quarry
 76015 | Hell     | Entered the Vestibule of Hell
 76015 | Hell     | Noticed Geryon
 76146 | Hell     | Killed Geryon
 76567 | Vaults:2 | You paid a toll of the horn of Geryon to enter a treasure
                  | trove
 76568 | Trove    | Entered a treasure trove
 76573 | Trove    | Found the +27 heavy crossbow "Sniper" {heavy, Acc+∞ SInv}
 76582 | Trove    | Identified the ring of Cuysm {rPois rN+}
 76589 | Trove    | Identified the +2 scale mail of the Butcher {Int+2}
 76594 | Trove    | Identified the ring "Vemarphu" {*Corrode rPois rF+ rN++
                  | Dex+6}
 76697 | Vaults:5 | Entered Level 5 of the Vaults
 76954 | Vaults:5 | Identified the +0 robe of Foih {rPois Will+ Slay+5}
 76966 | Vaults:5 | Identified the staff of conjuration "Elodeg" {rC+ Str+7
                  | Dex+2 SInv}
 76973 | Vaults:5 | Identified the amulet "Mevin" {Faith rN+ Dex-2 Slay+2}
 77161 | Vaults:5 | Noticed Boris
 77177 | Vaults:5 | Killed Boris
 77807 | Vaults:5 | Found Vytobenn's Antique Armour Boutique.
 77808 | Vaults:5 | Found Podd's Distillery.
 77812 | Vaults:5 | Bought a potion of heal wounds for 85 gold pieces
 77812 | Vaults:5 | Bought a potion of heal wounds for 85 gold pieces
 77812 | Vaults:5 | Bought a potion of heal wounds for 85 gold pieces
 78219 | Vaults:5 | Got a silver rune of Zot
 78653 | Depths:3 | Voluntarily entered the Abyss.
 78653 | Abyss:1  | Found a corrupted altar of Lugonu.
 78724 | Abyss:1  | Found a corrupted altar of Lugonu.
 78870 | Abyss:1  | Found a shadowy altar of Dithmenos.
 78973 | Abyss:1  | Found a shadowy altar of Dithmenos.
 79050 | Abyss:1  | Reached skill level 27 in Ranged Weapons
 79540 | Abyss:1  | Noticed an ancient lich
 79544 | Abyss:1  | Killed an ancient lich
 79734 | Abyss:2  | Found a corrupted altar of Lugonu.
 79747 | Abyss:2  | Found a corrupted altar of Lugonu.
 80241 | Abyss:3  | Found a corrupted altar of Lugonu.
 80445 | Abyss:3  | Found a corrupted altar of Lugonu.
 81034 | Depths:3 | Escaped the Abyss
 81090 | Depths:3 | Voluntarily entered the Abyss.
 81090 | Abyss:3  | Found a corrupted altar of Lugonu.
 81152 | Abyss:3  | Reached skill level 15 in Spellcasting
 82329 | Abyss:4  | Gained mutation: You are very weak. (Str -4) [a neqoxec]
 82543 | Depths:3 | Escaped the Abyss
 82545 | Depths:3 | Voluntarily entered the Abyss.
 82586 | Abyss:4  | Got an abyssal rune of Zot
 82830 | Depths:3 | Escaped the Abyss
 83038 | Hell     | Found a gateway to the ashen valley of Gehenna.
 83153 | Hell     | Found a gateway to the Iron City of Dis.
 83234 | Hell     | Found a gateway to the freezing wastes of Cocytus.
 83307 | Hell     | Reached skill level 27 in Fighting
 83396 | Hell     | Found a gateway to the decaying netherworld of Tartarus.
 83554 | Coc:1    | Entered Level 1 of Cocytus
 84293 | Coc:4    | Killed from afar by a hellion

Illustrated notes

Levels and vault maps discovered:
D:1:      lightli_arrival_boilingwater, layout_rooms, serial_shops,
          nicolae_shop_temple_entry_statues_fountains
D:2:      layout_loops_ring, uniq_jessica, uniq_natasha, uniq_crazy_yiuf_cottage
D:3:      corexii_shack_village, layout_loops_ring, old_standard_altar,
          gup_sewer_entry_bubbles, uniq_ijyb
D:4:      layout_basic, ashenzari_conservatory_becter, serial_shops,
          kennysheep_little_box, uniq_blork_the_orc
D:5:      layout_loops_cross, amcnicky_altar_gilded,
          gammafunk_temple_overflow_wave, minmay_temple_entry_antechambers
D:6:      layout_gridville, nrook_mini_vaults, uniq_pikel, uniq_maggie
D:7:      layout_cave_pods, nicolae_tso_swordbearing_angel,
          mainiacjoe_overflow_brackets
D:8:      layout_cave_pools, hangedman_ru_absence,
          mainiacjoe_overflow_tiny_flanked, dpeg_oklobed_lair,
          lightli_corner_chamber, uniq_gastronok, uniq_grum
D:9:      layout_irregular_city, lemuel_round_altar, lemuel_doored_altar,
          minmay_misc_feat_tower
D:10:     kennysheep_kobold_lugonu_temple, layout_loops_cross, orc_0_dummy
D:11:     layout_stronghold, chequers_guarded_unrand_ignorance
D:12:     wander_river, layout_loops_ring, uniq_maurice
D:13:     layout_roguey, david_vaults_1, uniq_erolcha
D:14:     layout_small_grid, dk_noncrumbling_3, ice2_lemuel
D:15:     hangedman_depths_entry_try_elsewhere_first, layout_loops_cross,
          ebering_ghost_reflecting_pool, chequers_serial_rivers_small_b,
          nicolae_lava_and_water, grunt_ministairs_10, uniq_azrael
Lair:1:   layout_hall_layers
Lair:2:   layout_regular_city, spider_nest_entry_funnel_web, uniq_erica,
          uniq_amaemon
Lair:3:   layout_loops_ring, minmay_swamp_entry_reptiles, uniq_nessos
Lair:4:   minmay_guarded_unrand_snakebite, layout_cave_pods,
          portal_ice_cave_entry_pillars_2, grunt_megastairs_2,
          infiniplex_staircase_pool_2, serial_bayou_shore_a,
          serial_bayou_shore_b
Lair:5:   hellmonk_lair_end_abyssal_woods, layout_loops_ring,
          dpeg_slime_entry_corner, minmay_lair_oklob_items,
          nicolae_lair_lil_pond
Swamp:1:  nicolae_swamp_standing_stones, layout_basic_swamp
Swamp:2:  layout_basic_swamp, ebering_ghost_funeral_grove, serial_swamp_ruin,
          evilmike_swamp_ruin_house_6, evilmike_swamp_ruin_wall,
          evilmike_swamp_ruin_house_3, swamp_pool3,
          nicolae_swamp_orc_logging_accident
Swamp:3:  layout_basic_swamp, hangedman_swamp_ruin_wall, swamp_pool1,
          uniq_nikola
Swamp:4:  swamp, layout_basic_swamp, ebering_ghost_disaster_area, swamp_pool5
Spider:1: layout_spider_delve, hellmonk_ghost_happy_afterlife,
          nicolae_spider_some_kinda_spiderbox
Spider:2: layout_chambers, ebering_ghost_inner_flame,
          nicolae_spider_world_wide_web
Spider:3: layout_spider_delve, uniq_donald, uniq_aizul, uniq_roxanne
Spider:4: hellmonk_spider_rune_bug_friends
Slime:1:  layout_caves
Slime:2:  layout_caves
Slime:3:  layout_caves, cheibrodos_slime_lost_civilization_4
Slime:4:  layout_caves
Slime:5
Orc:1:    layout_caves, rock_pile
Orc:2:    st_orc_open, layout_caves, gauntlet_entry_generic, serial_shops, shop
Elf:1:    elf_arrival_002, layout_rooms, minmay_elf_necromancy
Elf:2:    elven_hall_of_blades_hangedman_original
          [nicolae_blade_entry_sentries_behind_glass], layout_geoelf_grid,
          st_stairs_11, roderic_roman_lattice
Elf:3:    minmay_elf_hall_furrowed, layout_loops_cross
Vaults:1: mu_enter_wizlab_4, hangedman_vaults_corner, nicolae_vaults_house_2,
          vaults_room_large_hall, nicolae_vaults_tetromino_T_2, serial_ice_m,
          nicolae_vaults_mini_display_case, v_misc_3,
          nicolae_vaults_circle_grid_b, vaults_dpeg_diagonal,
          hangedman_vaults_restitches, nicolae_vaults_house_3,
          hangedman_vaults_locks, nicolae_vaults_stand_back,
          layout_vaults_omnibox
Vaults:2: vaults_room_stairs_pillars, nicolae_vaults_wrenched,
          nicolae_vaults_diamond_1, nicolae_vaults_loss_of_containment,
          nicolae_vaults_house_2, nicolae_vaults_frosty_reception,
          nicolae_vaults_storage_room_statues, nicolae_vaults_closet_pinwheel_1,
          dpeg_vaults_monster_box, nicolae_vaults_trapezoid_2, v_misc_23,
          vaults_mumra_chevron, layout_vaults_big_room, serial_shops,
          nicolae_shop_tiny_glass, enter_trove_0
Vaults:3: v_misc_15, nicolae_vaults_little_squares_5,
          ontoclasm_vaults_misaligned, ontoclasm_vaults_fault,
          minmay_crypt_entry_simple_statues, nicolae_vaults_alarming,
          nicolae_vaults_library_corner, vaults_room_pools,
          layout_vaults_quadrants
Vaults:4: ploomutoo_gammafunk_ghost_potion_laboratory,
          hangedman_vaults_variations, ontoclasm_vaults_hangar,
          nicolae_vaults_apartment_1, nicolae_vaults_arrows,
          ontoclasm_vaults_loading_screen, nicolae_vaults_network_periphery,
          nicolae_vaults_ninety_degrees, v_misc_26,
          nicolae_vaults_oval_intersection, hangedman_vaults_trim,
          vaults_dpeg_hooks, nicolae_vaults_trapezoid_4,
          layout_vaults_big_cross, serial_shops,
          nicolae_shop_temple_entry_statues_fountains, uniq_frederick,
          uniq_boris, uniq_jory
Vaults:5
Crypt:1:  layout_gridlike, palyth_stone_intersect, uniq_margery
Crypt:2:  layout_catacombs, minmay_guarded_unrand_zonguldrok,
          grunt_megastairs_4, uniq_khufu
Crypt:3:  due_elkab, layout_chaotic_city, uniq_bai_suzhen
Depths:1: evilmike_marble_ring, layout_basic, enter_ziggurat_e,
          hangedman_decor_points, pf_hell_entry_tar_river,
          rand_demon_pan_entry_9, nrook_kobold_shadow_demons
Depths:2: minmay_ambush_box, layout_small_grid, pan_entry,
          grunt_hell_entry_dis_mu, firewood_loft, infiniplex_staircase_pillars_1
Depths:3: nicolae_terramorphic_expanse [nicolae_terramorphic_quarter,
          nicolae_terramorphic_quarter, nicolae_terramorphic_quarter,
          nicolae_terramorphic_quarter, nicolae_terramorphic_quarter,
          nicolae_terramorphic_biome, nicolae_terramorphic_biome,
          nicolae_terramorphic_biome, nicolae_terramorphic_biome],
          layout_gridlike, nicolae_abyss_entry_one_way_or_another,
          serial_curves, eino_curves_02, eino_curves_02, pf_coc_iceberg,
          kennysheep_vampire_church, infiniplex_staircase_trident
Depths:4: evilmike_zot_entry_gauntlet, layout_cross,
          minmay_misc_feat_nine_boxes,
          ploomutoo_gammafunk_ghost_potion_laboratory, grunt_metal_band,
          serial_bayou_shore_b
Hell
Coc:1:    layout_cocytus_water_paths
Coc:2:    layout_cocytus_water_paths
Coc:3:    nicolae_hells_giants_party, layout_cocytus_water_paths
Coc:4:    layout_ice_bergs
Coc:5:    layout_cocytus_water_paths
Coc:6:    layout_ice_bergs, nicolae_coc_melting_block
Zot:1:    grunt_deathspiral_small, layout_onion_interference, uniq_parghit
Zot:2:    layout_gridville, st_stairs_11
Zot:3:    grunt_twist_and_shout, layout_cathedral_of_symmetry, zot_minivault_7
Zot:4:    layout_onion, hellmonk_ghost_big_iron, grunt_ministairs_9

Skill      XL: |  1  2  3  4  5  6  7  8  9 10 11 12 13 14 15 16 17 18 19 20 21 22 23 24 25 26 27 |
---------------+----------------------------------------------------------------------------------+-----
Ranged Weapons | 5 6 7 8 10 12 13 15 17 18 19 20 21 22 23 24 27 | 27.0
Fighting       | 3 5 7 9 10 12 13 14 15 16 17 18 19 21 22 23 24 27 | 27.0
Armour         | 5 6 7 10 12 14 16 17 18 22 | 22.0
Shields        | 6 9 11 13 15 16 17 18 19 20 21 22 | 22.3
Dodging        | 5 7 8 10 11 12 13 14 15 16 | 16.7
Evocations     | 2 5 7 9 10 11 | 11.1
Hexes          | 6 9 12 15 25 | 25.9
Spellcasting   | 3 5 7 9 15 | 15.9
Translocations | 2 |  2.0
Stealth        | |  1.2

Action                     |  1- 3 |  4- 6 |  7- 9 | 10-12 | 13-15 | 16-18 | 19-21 | 22-24 | 25-27 || total
---------------------------+-------+-------+-------+-------+-------+-------+-------+-------+-------++-------
   Fire: Shortbow          |   100 |   186 |   363 |    66 |       |       |       |       |       ||   715
         Longbow           |       |       |       |   514 |  1201 |  1327 |  1449 |  1740 |  2677 ||  8908
         Heavy crossbow    |       |       |       |       |       |       |       |       |  1029 ||  1029
  Throw: Dart              |       |       |       |       |     1 |       |       |       |       ||     1
         Throwing net      |       |       |       |       |       |       |       |       |     3 ||     3
   Cast: Portal Projectile |       |       |       |       |       |       |       |     5 |    26 ||    31
         Discord           |       |       |       |       |       |       |       |       |     5 ||     5
 Invoke: Potion Petition   |       |       |       |       |     2 |     2 |       |     1 |     1 ||     6
         Call Merchant     |       |       |       |       |       |     2 |     2 |       |     4 ||     8
Ability: Shaft Self        |       |       |       |     1 |     1 |       |       |       |       ||     2
         Dig               |       |       |       |       |     6 |     2 |       |     1 |     3 ||    12
  Evoke: Wand              |       |       |    13 |     1 |    14 |     1 |       |     1 |    10 ||    40
         Condenser vane    |       |       |       |       |     1 |       |     1 |     1 |     5 ||     8
         Phantom mirror    |       |       |       |       |       |     1 |     1 |       |     2 ||     4
         Lightning rod     |       |       |       |       |       |       |       |       |     5 ||     5
    Use: Scroll            |     5 |     3 |     9 |     9 |    11 |     4 |     3 |     1 |    15 ||    60
         Potion            |       |       |     1 |     6 |    13 |     1 |     2 |     8 |    10 ||    41
 Armour: Leather armour    |     9 |    27 |    37 |       |       |       |       |       |       ||    73
         Steam dragon scal |       |       |       |    86 |   163 |    88 |    66 |    67 |   117 ||   587
         Skin              |       |       |       |       |    20 |       |       |     7 |       ||    27
         Crystal plate arm |       |       |       |       |       |       |       |       |    19 ||    19
  Dodge: Dodged            |    35 |    60 |   100 |   138 |   210 |   277 |   209 |   331 |   552 ||  1912
  Block: Kite shield       |       |       |       |    25 |   282 |   309 |   353 |   580 |       ||  1549
         Reflection        |       |       |       |       |       |       |    53 |    22 |    99 ||   174
         Tower shield      |       |       |       |       |       |       |       |   162 |  1769 ||  1931
